 Dungeon Sprint DCSS version 0.25-a0-589-g1e14c549ee (webtiles) character file.

Game seed: 6113032122284830630, levelgen mode: deterministic

27379 jt the Champion of Chaos (level 13, -17/88 HPs)
             Began as a Gargoyle Fighter on Mar 9, 2020.
             Was the Champion of Makhleb.
             Demolished by a hellephant (23 damage)
             ... in the Dungeon (Sprint II: "The Violet Keep of Menkaure").
             The game lasted 00:28:21 (4760 turns).

jt the Champion of Chaos (Gargoyle Fighter)         Turns: 4760, Time: 00:28:22

Health: -17/88     AC: 38    Str: 28 (29) XL:     13   Next: 32%
Magic:  26/26      EV:  6    Int:  7 (9)  God:    Makhleb [******]
Gold:   1002       SH: 15    Dex: 10      Spells: 12/12 levels left

rFire    + + .     SeeInvis .   a - +1 flail
rCold    + + +     Gourm    .   c - +1 kite shield
rNeg     + . .     Faith    .   h - +5 crystal plate armour of Leaves {-Cast rC++ Regen+ Dex+3}
rPois    ∞         Spirit   .   C - +2 hat
rElec    +         Reflect  .   (no cloak)
rCorr    .         Harm     .   E - +0 pair of gloves {Str+3}
MR       +....     Rnd*Rage +   (no boots) Stlth ..........NoTele +
                                z - amulet of the Elephant {rC+ Regen+}
HPRegen  1.04/turn NoCast   +   B - ring of the Median {Wiz MR+ Str+3}
MPRegen  0.20/turn              I - ring "Wydyblint" {+Inv rF+}

@: berserk cooldown, hasted, very quick
A: berserk 1, clumsy 1, deterioration 1, fire resistance 1, negative energy
resistance 1, electricity resistance, weak 1, unbreathing, petrification
resistance, rot immunity, AC +9
a: Minor Destruction, Lesser Servant of Makhleb, Major Destruction, Greater
Servant of Makhleb, Renounce Religion, Evoke Invisibility


You were in the Dungeon.
You worshipped Makhleb.
Makhleb was exalted by your worship.
You were not hungry.

You visited 1 branch You collected 2497 gold pieces.
You spent 1495 gold pieces at shops.

Inventory:

Hand Weapons
 a - a +1 flail (weapon)
 f - a +2 longbow of flaming
 m - a +0 arbalest
 A - a +2 vorpal hand crossbow
 F - the cursed +0 demon blade of Crusades {freeze, rC+, unknown}
   (You found it in the Dungeon)

   It has been specially enchanted to freeze those struck by it, causing extra
   injury to most foes and up to half again as much damage against particularly
   susceptible opponents.
   It can also slow down cold-blooded creatures.
   It protects you from cold.
   It has a curse placed upon it.
 J - a +4 dire flail of protection
Missiles
 n - 20 bolts
 p - a throwing net
 s - 58 arrows
 x - 26 sling bullets
 y - 54 stones (quivered)
Armour
 c - a +1 kite shield (worn)
 d - the +1 helmet "Hienimyl" {rPois rF- rN+ Str+4}
   (You bought it in a shop in the Dungeon)

   It affects your strength (+4).
   It makes you vulnerable to fire.
   It protects you from poison.
   It protects you from negative energy.
 e - a +2 chain mail of fire resistance
 h - the +5 crystal plate armour of Leaves (worn) {-Cast rC++ Regen+ Dex+3}
   (You acquired it in the Dungeon)

   It affects your dexterity (+3).
   It greatly protects you from cold.
   It prevents spellcasting.
   It increases your rate of regeneration.
 C - a +2 hat (worn)
 E - a +0 pair of gloves of strength (worn)
Magical Staves
 l - an uncursed staff of air {unknown}
 K - an uncursed staff of wizardry {unknown}
Jewellery
 o - an uncursed ring of protection from magic
 z - the amulet of the Elephant (around neck) {rC+ Regen+}
   (You found it in the Dungeon)

   [amulet of regeneration]

   It protects you from cold.
   It increases your rate of regeneration.
 B - the ring of the Median (left hand) {Wiz MR+ Str+3}
   (You found it in the Dungeon)

   [ring of wizardry]

   It improves your spell success rate.
   It affects your strength (+3).
   It affects your resistance to hostile enchantments.
 D - an uncursed amulet of the gourmand
 I - the ring "Wydyblint" (right hand) {+Inv rF+}
   (You found it in the Dungeon)

   [ring of protection from fire]

   It protects you from fire.
   It lets you turn invisible.
Scrolls
 q - a scroll of enchant armour
 r - 2 scrolls of enchant weapon
 u - a scroll of remove curse
 v - 4 scrolls of amnesia
Potions
 b - 6 potions of flight
 i - 16 potions of magic
 j - 2 potions of resistance
 L - 3 potions of haste
Miscellaneous
 H - a phial of floods (inert)
 M - a lamp of fire


   Skills:
 - Level 13.5 Fighting
 - Level 14.0 Maces & Flails
 + Level 2.1 Throwing
 + Level 10.6 Armour
 - Level 15.0 Shields
 + Level 19.2 Invocations
 + Level 5.7 Evocations


You had 12 spell levels left.
You didn't know any spells.
Your spell library was empty.

Dungeon Overview and Level Annotations

Branches:
Dungeon (1/1)

Altars:
Cheibriados
Dithmenos
Elyvilon
Fedhas
Gozag
Hepliaklqana
Kikubaaqudgha
Makhleb
Nemelex Xobeh
Okawaru
Qazlal
Ru
Sif Muna
Trog
Uskayaw
Vehumet
Wu Jian
Xom
Yredelemnul
Zin
The Shining One
Beogh
Jiyva
Lugonu

Shops:
D %!:(:=!*=[}[%[?}=*%:

Annotations:
D exclusion: oklob plant


Innate Abilities, Weirdness & Mutations

You are resistant to torment.
Your stone body is resilient. (AC +9)
You are immune to poison.
You resist negative energy. (rN+)
You are resistant to electric shocks. (rElec)
You can survive without breathing.
You are immune to petrification.
You are immune to rotting.
You tend to lose your temper in combat.
You are clumsy. (Dex -2)
Your body sometimes deteriorates upon taking damage.
Your flesh is heat resistant. (rF+)
You are weak. (Str -2)


Message History

Okay, then.
Press: ? - help, v - describe, . - travel
Here: a hellephant (lightly wounded)
The floor.
Press: ? - help, v - describe, . - travel, g - get item
Here: a red draconian shifter, wielding a +0 long sword and wearing a +0 cloak (severely wounded)
A curare-tipped dart.
The floor.
As you read the scroll of fear, it crumbles to dust.
You assume a fearsome visage.
Your ynoxinul is unaffected.
Your blizzard demon is unaffected.
Your ufetubus is unaffected. x2
The red draconian shifter looks frightened!
The hellephant is unaffected.
You feel yourself speed up.
Your ufetubus completely misses the red draconian shifter.
Your ufetubus closely misses the red draconian shifter.
Your ufetubus barely misses the red draconian shifter. x2
The hellephant tramples you!!
You die...

▓▓▓ ..▓ ▓▓▓▓.▓
.▓0..▓ ○▓▓▓▓▓▓▓▓▓▓
▓▓▓▓▓▓
.▓≈§≈§≈≈§≈▓▓▓5q3@▓
○▓▓▓▓▓▓▓▓▓▓▓▓5▓▓Y▓
○▓........▓▓...▓2▓
:▓[.......▓▓.⌠$▓.▓
"▓...)..)[▓▓Y..▓.▓
+≈..≈+
#▓.)[[.(..▓▓.q.▓.▓
+≈..§+
#▓......(.▓▓...▓§▓
+≈§§≈+
#▓.[......▓▓...▓§▓
+§§.≈+
#▓..).))..▓▓ ▓.▓
▓§§§§▓


You could see a hellephant, a red draconian shifter (fleeing), a friendly
blizzard demon, a friendly ynoxinul and 2 friendly ufetubi.

Vanquished Creatures
  A deep elf blademaster (D)
  Gastronok (D)
  Nessos (D)
  A dire elephant (D)
  A crystal guardian (D)
  Sonja (D)
  3 sixfirhies (D)
  2 deep trolls (D)
  2 death drakes (D)
  A glowing orange brain (D)
  An obsidian statue (D)
  A harpy (D)
  3 orc sorcerers (D)
  An eye of devastation (D)
  A merfolk siren (D)
  2 spiny frogs (D)
  A yaktaur (D)
  3 polar bears (D)
  A hornet (D)
  2 hippogriffs (D)
  6 flying skulls (D)
  Menkaure (D)
  4 neqoxecs (D)
  A vampire mosquito (D)
  3 soldier ants (D)
  3 black bears (D)
  2 swamp drakes (D)
  3 crocodiles (D)
  9 electric eels (D)
  A jelly (D)
  4 worker ants (D)
67 creatures vanquished.

Vanquished Creatures (others)
  A crocodile (D)
  16 tentacles (D)
17 creatures vanquished.

Grand Total: 84 creatures vanquished

Notes
Turn   | Place    | Note
-------+----------+-------------------------------------------
     0 | D        | jt the Gargoyle Fighter began the quest for the Orb.
     0 | D        | Reached XP level 1. HP: 14/14 MP: 1/1
     1 | D        | Noticed a merfolk siren
    20 | D        | Killed a crocodile
    24 | D        | Killed a merfolk siren
    24 | D        | Reached skill level 10 in Shields
    24 | D        | Reached XP level 2. HP: 19/19 MP: 2/2
    24 | D        | Reached XP level 3. HP: 23/23 MP: 3/3
    24 | D        | Reached XP level 4. HP: 28/28 MP: 4/4
    24 | D        | Reached XP level 5. HP: 32/32 MP: 5/5
    24 | D        | Reached XP level 6. HP: 37/37 MP: 6/6
    57 | D        | Noticed a neqoxec
    57 | D        | Noticed a neqoxec
    57 | D        | Noticed a neqoxec
    57 | D        | Noticed a neqoxec
    64 | D        | Killed a neqoxec
    64 | D        | Reached skill level 10 in Maces & Flails
    75 | D        | Gained mutation: You tend to lose your temper in combat. [a
                  | neqoxec]
    78 | D        | Gained mutation: Your flesh is heat resistant. (rF+) [a
                  | neqoxec]
    82 | D        | Killed a neqoxec
    82 | D        | Reached XP level 7. HP: 38/41 MP: 7/7
    83 | D        | Gained mutation: You are clumsy. (Dex -2) [a neqoxec]
    86 | D        | Gained mutation: You are weak. (Str -2) [a neqoxec]
    90 | D        | Killed a neqoxec
    98 | D        | Gained mutation: Your body sometimes deteriorates upon
                  | taking damage. [a neqoxec]
   103 | D        | Killed a neqoxec
   341 | D        | Found Talemuto's Antique Armour Shop.
   341 | D        | Found Ramosoa's Antique Armour Boutique.
   341 | D        | Found Efiwonur's Gadget Shop.
   341 | D        | Found Ocaxim's Armour Boutique.
   341 | D        | Found Qifupir's Assorted Antiques.
   341 | D        | Found Gosyutz's Food Boutique.
   341 | D        | Found Kaorph's Jewellery Shop.
   341 | D        | Found Motaynny's Magic Scroll Boutique.
   341 | D        | Found Tivapp's Jewellery Boutique.
   342 | D        | Found Bitaefap's Distillery.
   342 | D        | Found Taocaape's Jewellery Boutique.
   342 | D        | Noticed a manticore
   344 | D        | Found Goug's Book Boutique.
   344 | D        | Found Nojiv's Antique Weapon Shop.
   344 | D        | Noticed Menkaure
   344 | D        | Noticed a manticore
   344 | D        | Noticed a manticore
   344 | D        | Noticed an oklob plant
   360 | D        | Killed Menkaure
   360 | D        | Reached XP level 8. HP: 31/46 MP: 8/8
   462 | D        | Found Zinuekh's Distillery.
   462 | D        | Found Pan Peod's Food Boutique.
   462 | D        | Found Itouga's Book Shoppe.
   470 | D        | Noticed a polar bear
   470 | D        | Noticed a polar bear
   483 | D        | Bought a polished helmet for 209 gold pieces
   488 | D        | Identified the +1 helmet "Hienimyl" {rPois rF- rN+ Str+4}
                  | (You bought it in a shop in the Dungeon)
   636 | D        | Noticed a hippogriff
   636 | D        | Noticed a hippogriff
   652 | D        | Killed a hippogriff
   652 | D        | Reached skill level 5 in Fighting
   665 | D        | Killed a hippogriff
   866 | D        | Noticed an ice statue
   884 | D        | Bought a +2 chain mail of fire resistance for 301 gold
                  | pieces
   900 | D        | Bought a potion of flight for 39 gold pieces
   900 | D        | Bought a potion of flight for 39 gold pieces
   900 | D        | Bought a potion of curing for 39 gold pieces
   900 | D        | Bought a potion of heal wounds for 65 gold pieces
   900 | D        | Bought a potion of heal wounds for 65 gold pieces
   900 | D        | Bought a potion of resistance for 130 gold pieces
   923 | D        | Found a roughly hewn altar of Beogh.
   934 | D        | Found a hazy altar of Hepliaklqana.
  1228 | D        | Found a snail-covered altar of Cheibriados.
  1229 | D        | Found a shadowy altar of Dithmenos.
  1229 | D        | Found a viscous altar of Jiyva.
  1230 | D        | Found a white marble altar of Elyvilon.
  1230 | D        | Found an ancient bone altar of Kikubaaqudgha.
  1231 | D        | Found a blossoming altar of Fedhas.
  1231 | D        | Found a corrupted altar of Lugonu.
  1231 | D        | Found a shimmering blue altar of Sif Muna.
  1231 | D        | Found a sacrificial altar of Ru.
  1232 | D        | Found an opulent altar of Gozag.
  1232 | D        | Found a burning altar of Makhleb.
  1232 | D        | Found a bloodstained altar of Trog.
  1232 | D        | Found a shimmering altar of Xom.
  1233 | D        | Found a sparkling altar of Nemelex Xobeh.
  1233 | D        | Found a hide-covered altar of Uskayaw.
  1234 | D        | Found an iron altar of Okawaru.
  1234 | D        | Found a radiant altar of Vehumet.
  1234 | D        | Found a glowing silver altar of Zin.
  1235 | D        | Noticed a yaktaur
  1235 | D        | Noticed a hornet
  1235 | D        | Noticed a polar bear
  1235 | D        | Noticed a polar bear
  1236 | D        | Noticed a polar bear
  1288 | D        | Killed a hornet
  1288 | D        | Reached XP level 9. HP: 50/56 MP: 9/9
  1293 | D        | Killed a polar bear
  1299 | D        | Killed a yaktaur
  1307 | D        | Killed a polar bear
  1519 | D        | Killed a polar bear
  1519 | D        | Reached skill level 15 in Shields
  1538 | D        | Found a basalt altar of Yredelemnul.
  1542 | D        | Found a stormy altar of Qazlal.
  1542 | D        | Found an ornate altar of the Wu Jian Council.
  1542 | D        | Found a glowing golden altar of the Shining One.
  1547 | D        | Became a worshipper of Makhleb the Destroyer
  1560 | D        | Noticed a kraken
  1778 | D        | Reached * piety under Makhleb
  2005 | D        | Reached skill level 10 in Fighting
  2044 | D        | Bought a wand of acid (10) for 364 gold pieces
  2068 | D        | Noticed a death drake
  2069 | D        | Noticed a death drake
  2128 | D        | Killed a death drake
  2148 | D        | Killed a death drake
  2148 | D        | Reached ** piety under Makhleb
  2148 | D        | Reached XP level 10. HP: 72/72 MP: 10/10
  2209 | D        | Noticed a crystal guardian
  2227 | D        | Killed a crystal guardian
  2227 | D        | Reached skill level 5 in Armour
  2227 | D        | Reached skill level 3 in Invocations
  2413 | D        | Reached skill level 4 in Invocations
  2422 | D        | Reached *** piety under Makhleb
  2452 | D        | Noticed a spiny frog
  2452 | D        | Noticed a spiny frog
  2466 | D        | Killed a spiny frog
  2466 | D        | Reached skill level 5 in Invocations
  2478 | D        | Killed a spiny frog
  2564 | D        | Noticed a deep elf master archer
  2705 | D        | Reached **** piety under Makhleb
  2705 | D        | Reached skill level 6 in Invocations
  2705 | D        | Reached skill level 5 in Evocations
  2712 | D        | Reached skill level 7 in Invocations
  3021 | D        | Noticed a deep troll
  3021 | D        | Noticed a deep troll
  3044 | D        | Killed a deep troll
  3044 | D        | Reached skill level 9 in Invocations
  3061 | D        | Killed a deep troll
  3061 | D        | Reached skill level 10 in Invocations
  3061 | D        | Reached XP level 11. HP: 75/78 MP: 16/18
  3164 | D        | Reached ***** piety under Makhleb
  3730 | D        | Reached skill level 11 in Invocations
  3733 | D        | Noticed a sixfirhy
  3863 | D        | Noticed a sixfirhy
  3866 | D        | Noticed a sixfirhy
  3873 | D        | Found Akov Qant's Book Shoppe.
  3874 | D        | Found Ilewo's Food Boutique.
  3878 | D        | Identified the ring "Rupilun" {Int+4 Dex+3}
  3910 | D        | Killed a sixfirhy
  3910 | D        | Reached skill level 12 in Invocations
  3936 | D        | Killed a sixfirhy
  3936 | D        | Reached skill level 13 in Invocations
  3950 | D        | Killed a sixfirhy
  3950 | D        | Reached ****** piety under Makhleb
  4103 | D        | Identified the +5 quarterstaff of a Hundred Runes {vorpal,
                  | Int+2}
  4154 | D        | Identified the +8 glaive of Musi {venom, rPois Dex+4}
  4159 | D        | Found Viukluda's Gadget Emporium.
  4160 | D        | Found Siwkuqa's Assorted Antiques.
  4163 | D        | Noticed Nessos
  4275 | D        | Killed Nessos
  4275 | D        | Reached skill level 14 in Invocations
  4300 | D        | Bought a scroll labeled BIOTHITROCAG for 24 gold pieces
  4301 | D        | Bought a wand of acid (6) for 220 gold pieces
  4324 | D        | Noticed Gastronok
  4333 | D        | Killed Gastronok
  4333 | D        | Reached skill level 16 in Invocations
  4342 | D        | Noticed a dire elephant
  4342 | D        | Noticed an orc sorcerer
  4342 | D        | Noticed an orc sorcerer
  4342 | D        | Noticed an orc sorcerer
  4345 | D        | Noticed a soul eater
  4357 | D        | Noticed a soul eater
  4358 | D        | Noticed a sixfirhy
  4372 | D        | Killed a dire elephant
  4373 | D        | Noticed a sixfirhy
  4373 | D        | Identified a scroll of acquirement
  4373 | D        | Identified the +5 crystal plate armour of Leaves {-Cast
                  | rC++ Regen+ Dex+3} (You acquired it in the Dungeon)
  4390 | D        | Killed an orc sorcerer
  4390 | D        | Reached skill level 17 in Invocations
  4399 | D        | Killed an orc sorcerer
  4400 | D        | Killed an orc sorcerer
  4447 | D        | Got a faintly glowing bone amulet
  4450 | D        | Got a shimmering steel ring
  4475 | D        | Got a dazzling demon blade
  4484 | D        | Got a coiled bronze ring
  4509 | D        | Identified the amulet of the Elephant {rC+ Regen+} (You
                  | found it in the Dungeon)
  4511 | D        | Identified the ring of the Median {Wiz MR+ Str+3} (You
                  | found it in the Dungeon)
  4512 | D        | Identified the ring "Wydyblint" {+Inv rF+} (You found it in
                  | the Dungeon)
  4518 | D        | Noticed an obsidian statue
  4522 | D        | Reached XP level 12. HP: 84/84 MP: 24/24
  4527 | D        | Noticed a sun demon
  4532 | D        | Noticed a sun demon
  4553 | D        | Reached skill level 18 in Invocations
  4553 | D        | Reached XP level 13. HP: 79/88 MP: 24/26
  4620 | D        | Noticed a deep elf blademaster
  4632 | D        | Killed a deep elf blademaster
  4634 | D        | Reached skill level 19 in Invocations
  4655 | D        | Reached skill level 10 in Armour
  4721 | D        | Noticed a hellephant
  4721 | D        | Noticed Sonja
  4721 | D        | Noticed a red draconian shifter
  4725 | D        | Reached skill level 1 in Throwing
  4728 | D        | Killed Sonja
  4758 | D        | HP: 3/88 [hellephant (12)]
  4760 | D        | Demolished by a hellephant

Levels and vault maps discovered:
D:        the_violet_keep_of_menkaure [sprint2_stairs_cluster_1,
          sprint2_shoproom, sprint2_temple, sprint2_basic_supplies,
          sprint2_obstacle_5, sprint2_obstacle_7, sprint2_obstacle_2,
          sprint2_obstacle_1, sprint2_obstacle_3, sprint2_timed_cluster_1,
          sprint2_smallroom_cluster_1, sprint2_smallroom_final_cluster_1,
          sprint2_transparent_cluster_1, sprint2_second_timed_cluster_1,
          sprint2_sniper_area_1, sprint2_heavy_combat_area_1,
          sprint2_mutation_trap_area_1, sprint2_forest_area_1,
          sprint2_light_combat_area_1, sprint2_behind_water_1,
          sprint2_near_end_vault_1]

Skill      XL: |  1  2  3  4  5  6  7  8  9 10 11 12 13 |
---------------+----------------------------------------+-----
Maces & Flails | 9 10 12 13 14 | 14.0
Shields        | 10 12 13 14 15 | 15.0
Fighting       | 6 12 13 | 13.5
Armour         | 5 6 10 | 10.6
Invocations    | 10 17 18 19 | 19.2
Evocations     | 5 |  5.7
Throwing       | 2 |  2.1

Action                   |  1- 3 |  4- 6 |  7- 9 | 10-12 | 13-15 || total
-------------------------+-------+-------+-------+-------+-------++-------
Melee: Flail             |    18 |    22 |   277 |   223 |    97 ||   637
Invok: Minor Destruction |       |       |       |    27 |     8 ||    35
       Lesser Servant of |       |       |       |     4 |     1 ||     5
       Major Destruction |       |       |       |     1 |       ||     1
       Greater Servant o |       |       |       |       |     1 ||     1
Evoke: Wand              |       |       |       |    16 |       ||    16
       Lamp of fire      |       |       |       |       |     2 ||     2
       Phial of floods   |       |       |       |       |     1 ||     1
  Use: Potion            |     4 |     1 |     1 |    13 |     4 ||    23
       Scroll            |       |       |       |    11 |     3 ||    14
 Stab: Invisible         |       |       |       |     3 |       ||     3
  Eat: Ration            |       |       |     2 |     2 |       ||     4
Armor: Scale mail        |     1 |     3 |    37 |       |       ||    41
       Chain mail        |       |       |    55 |    78 |       ||   133
       Skin              |       |       |       |    24 |       ||    24
       Crystal plate arm |       |       |       |    17 |    59 ||    76
Dodge: Dodged            |     4 |     1 |    58 |    41 |    21 ||   125
Block: Kite shield       |     3 |     5 |   144 |   132 |    73 ||   357

Table legend:
 A = Non-vault XP
 B = Vault XP
 C = Vault XP percentage of total XP
 D = Non-vault monster count
 E = Vault monster count
 F = Vault count percentage of total count
                 A         B        C        D         E       F
            +---------+---------+-------+---------+---------+-------
      Total |       0 |   25560 | 100.0 |       0 |      67 | 100.0
            +---------+---------+-------+---------+---------+-------
          D |       0 |   25560 | 100.0 |       0 |      67 | 100.0
            +---------+---------+-------+---------+---------+-------
